 Dungeon Crawl Stone Soup version 0.21.0 (webtiles) character file.

4785 MovingMist the Protected (level 10, -7/64 HPs)
             Began as a Gargoyle Fighter on Jan 7, 2018.
             Was an Elder of Okawaru.
             Mangled by a two-headed ogre
             ... wielding a +0 giant club
              (16 damage)
             ... on level 9 of the Dungeon.
             The game lasted 00:20:05 (7185 turns).

MovingMist the Protected (Gargoyle Fighter)         Turns: 7185, Time: 00:20:06

Health: -7/64      AC: 24    Str: 20    XL:     10   Next: 47%
Magic:  10/10      EV:  7    Int:  9    God:    Okawaru [****..]
Gold:   540        SH:  9    Dex: 12    Spells: 9/9 levels left

rFire    . . .     SeeInvis .   A - +0 morningstar
rCold    + . .     Gourm    .   c - +0 shield
rNeg     + + .     Faith    +   G - +0 plate armour
rPois    ∞         Spirit   .   (no helmet)
rElec    +         Reflect  .   (no cloak)
rCorr    .         Harm     .   g - +2 pair of gloves
MR       .....                  (no boots)
Stlth    ..........             n - amulet of faith
HPRegen  0.20/turn              q - ring of protection from cold
MPRegen  0.12/turn              b - ring of positive energy

@: no status effects
A: negative energy resistance 1, electricity resistance, unbreathing,
petrification resistance, rot immunity, AC +7
a: Heroism, Renounce Religion


You were on level 9 of the Dungeon.
You worshipped Okawaru.
Okawaru was greatly pleased with you.
You were not hungry.

You visited 1 branch of the dungeon, and saw 9 of its levels.

You collected 540 gold pieces.

Inventory:

Hand Weapons
 A - a +0 morningstar (weapon)
Missiles
 D - 5 poisoned javelins (quivered)
Armour
 c - a +0 shield (worn)
 g - a +2 pair of gloves (worn)
 G - a +0 plate armour (worn)
Jewellery
 b - a ring of positive energy (right hand)
 n - an amulet of faith (around neck)
 q - a ring of protection from cold (left hand)
Wands
 a - a wand of enslavement (8)
 B - a wand of scattershot (6)
 C - a wand of random effects (32)
 F - a wand of polymorph (12)
Scrolls
 d - 2 scrolls of noise {unknown}
 e - 2 scrolls of enchant weapon {unknown}
 j - 3 scrolls of teleportation {unknown}
 l - 4 scrolls of identify
 r - 5 scrolls of blinking
 s - 5 scrolls of remove curse
 v - 2 scrolls of enchant armour {unknown}
 x - 3 scrolls of amnesia
 y - a scroll of vulnerability {unknown}
 H - a scroll of fear {unknown}
Potions
 h - 2 potions of degeneration
 i - 4 potions of cancellation
 k - 4 potions of brilliance
 m - a potion of mutation {unknown}
 o - 2 potions of curing {unknown}
 p - a potion of berserk rage {unknown}
 t - 2 potions of agility
 u - a potion of magic {unknown}
 w - 3 potions of heal wounds
 z - a potion of invisibility {unknown}
 E - a potion of flight {unknown}
Comestibles
 f - 16 rations
 I - 5 chunks of flesh


   Skills:
 + Level 8.1 Fighting
   Level 3.5(4.9) Axes
 + Level 5.6(6.2) Maces & Flails
 + Level 8.1 Armour
 * Level 7.9 Dodging
 - Level 3.2 Shields


You had 9 spell levels left.
You didn't know any spells.

Dungeon Overview and Level Annotations

Branches:
Dungeon (9/15)             Temple (0/1) D:6             Orc (0/2) D:9
   Lair: D:8-11

Altars:
Dithmenos
Elyvilon
Fedhas
Kikubaaqudgha
Okawaru
Qazlal
Ru
Sif Muna
Trog
Vehumet
Wu Jian
Xom
Zin
The Shining One

Shops:
D:6 *

Annotations:
D:5 Prince Ribbit


Innate Abilities, Weirdness & Mutations

You are resistant to torment.
Your stone body is resilient. (AC +7)
You are immune to poison.
You resist negative energy. (rN+)
You are resistant to electric shocks. (rElec)
You can survive without breathing.
You are immune to petrification.
You are immune to rotting.


Message History

The two-headed ogre hits you with a giant spiked club!!
You puncture the two-headed ogre!
The two-headed ogre is severely wounded.
You block the two-headed ogre's attack. x2
You completely miss the two-headed ogre.
The two-headed ogre is severely wounded.
You block the two-headed ogre's attack.
The two-headed ogre hits you but does no damage.
You hit the two-headed ogre.
The two-headed ogre is almost dead.
The two-headed ogre hits you but does no damage. x2
You barely miss the two-headed ogre.
The two-headed ogre is almost dead.
The two-headed ogre hits you but does no damage.
The two-headed ogre hits you with a giant spiked club!!
* * * LOW HITPOINT WARNING * * *
You hit the two-headed ogre but do no damage.
The two-headed ogre is almost dead.
The two-headed ogre hits you with a giant club!
You die...

..... ....# #. ....#
#. #....# #.. #....#
#.. #....#
#..##....#
#...@....# ..
#...O....#....#
#........#....#
#####'####....#
#............#
#............#
#......##....#
#......##....####
#..................#


You could see a two-headed ogre.

Vanquished Creatures
  Pikel (D:5)
  A hippogriff (D:7)
  A hungry ghost (D:8)
  The ghost of Vajrapani the Magician, an amateur BaWz of Makhleb (D:3)
  A water moccasin (D:8)
  3 phantoms
  3 orc warriors
  A sky beast (D:6)
  5 ogres
  5 black bears
  2 centaurs (D:7)
  A bullfrog (D:8)
  2 gnoll sergeants (D:7)
  2 scorpions (D:7)
  4 wights (D:6)
  A howler monkey (D:6)
  A bullfrog zombie (D:5)
  4 crimson imps
  2 quasits
  A centaur skeleton (D:8)
  5 orc priests
  A bullfrog skeleton (D:8)
  11 orc wizards
  A gnoll shaman (D:7)
  7 hounds
  Natasha (thrice) (D:2)
  6 worker ants
  An iguana (D:5)
  2 hound zombies
  3 hound skeletons
  11 adders
  9 gnolls
  A howler monkey skeleton (D:5)
  3 shadow imps
  2 adder zombies
  An adder skeleton (D:5)
  3 worms
  3 dart slugs (D:1)
  8 leopard geckos
  20 orcs
  6 bats
  7 giant cockroaches
  4 goblins
  14 hobgoblins
  11 jackals
  5 quokkas
  2 ball pythons (D:2)
  5 frilled lizards
  10 kobolds
  A quokka zombie (D:5)
  6 rats
214 creatures vanquished.

Vanquished Creatures (others)
  5 dream sheep (D:6)
  A slave (D:5)
  2 crimson imps (D:5)
  A bullfrog zombie (D:5)
  An orc priest (D:5)
  An adder (D:5)
  A quokka (D:5)
  A frilled lizard (D:5)
13 creatures vanquished.

Grand Total: 227 creatures vanquished

Notes
Turn   | Place    | Note
-------+----------+-------------------------------------------
     0 | D:1      | MovingMist the Gargoyle Fighter began the quest for the Orb.
     0 | D:1      | Reached XP level 1. HP: 14/14 MP: 1/1
    50 | D:1      | Reached XP level 2. HP: 11/19 MP: 2/2
   398 | D:1      | Reached skill level 1 in Dodging
   451 | D:1      | Reached XP level 3. HP: 22/23 MP: 3/3
   874 | D:2      | Noticed Natasha
   884 | D:2      | Killed Natasha
   884 | D:2      | Reached XP level 4. HP: 14/29 MP: 4/4
   921 | D:2      | Found a white marble altar of Elyvilon.
   971 | D:2      | Found a blossoming altar of Fedhas.
  1105 | D:2      | Found a stormy altar of Qazlal.
  1119 | D:2      | Noticed Natasha
  1127 | D:2      | Killed Natasha
  1127 | D:2      | Reached XP level 5. HP: 14/33 MP: 5/5
  1200 | D:2      | Noticed Natasha
  1202 | D:2      | Killed Natasha
  1240 | D:2      | Found an ancient bone altar of Kikubaaqudgha.
  1627 | D:3      | Noticed Vajrapani's ghost (amateur BaWz)
  1667 | D:3      | Killed Vajrapani's ghost
  1667 | D:3      | Reached XP level 6. HP: 13/39 MP: 6/6
  1960 | D:3      | Noticed a phantom
  2044 | D:3      | Killed a phantom
  2309 | D:4      | Reached XP level 7. HP: 44/44 MP: 7/7
  2561 | D:4      | Found a sacrificial altar of Ru.
  2568 | D:4      | Reached skill level 5 in Fighting
  2586 | D:4      | Found an iron altar of Okawaru.
  2608 | D:4      | Became a worshipper of Warmaster Okawaru
  2621 | D:4      | Reached skill level 5 in Armour
  2766 | D:4      | Reached skill level 1 in Maces & Flails
  2963 | D:4      | Reached XP level 8. HP: 44/49 MP: 8/8
  3081 | D:4      | Reached * piety under Okawaru
  3143 | D:5      | Entered Level 5 of the Dungeon
  3211 | D:5      | Noticed Pikel
  3228 | D:5      | Killed Pikel
  3228 | D:5      | Reached skill level 5 in Dodging
  3231 | D:5      | Reached ** piety under Okawaru
  3606 | D:5      | Found a glowing golden altar of the Shining One.
  3649 | D:5      | Noticed Prince Ribbit
  3736 | D:5      | Found a deep blue altar of Sif Muna.
  3796 | D:5      | Found an ornate altar of the Wu Jian Council.
  3799 | D:5      | Reached XP level 9. HP: 47/56 MP: 9/9
  4155 | D:6      | Found a staircase to the Ecumenical Temple.
  4334 | D:6      | Found a shimmering altar of Xom.
  4401 | D:6      | Got an encrusted hat
  4407 | D:6      | Identified the +1 hat of Greater Demons {rC+ Regen+ Dex-3} (You found it on level 6 of the Dungeon)
  4678 | D:6      | Reached *** piety under Okawaru
  4683 | D:6      | Found a glowing silver altar of Zin.
  4683 | D:6      | Found a radiant altar of Vehumet.
  4683 | D:6      | Found a bloodstained altar of Trog.
  4683 | D:6      | Found a shadowy altar of Dithmenos.
  4751 | D:6      | Found Kiojemm's Assorted Antiques.
  5902 | D:7      | Reached XP level 10. HP: 26/63 MP: 10/10
  5938 | D:7      | Reached skill level 5 in Maces & Flails
  5947 | D:7      | Reached **** piety under Okawaru
  7084 | D:9      | Found a staircase to the Orcish Mines.
  7091 | D:9      | Received a gift from Okawaru
  7169 | D:9      | Noticed a two-headed ogre
  7185 | D:9      | Mangled by a two-headed ogre

Skill      XL: |  1  2  3  4  5  6  7  8  9 10 |
---------------+-------------------------------+-----
Axes           | 2 3 |  3.5
Dodging        | 1 2 3 4 5 7 |  7.9
Fighting       | 4 5 6 7 8 |  8.1
Armour         | 4 5 6 7 8 |  8.1
Maces & Flails | 1 3 4 5 |  5.6
Shields        | |  3.2

Action                   |  1- 3 |  4- 6 |  7- 9 | 10-12 || total
-------------------------+-------+-------+-------+-------++-------
Melee: War axe           |   113 |   209 |    66 |       ||   388
       Morningstar       |       |       |   515 |   270 ||   785
Invok: Heroism           |       |       |     1 |       ||     1
  Use: Potion            |       |     1 |     1 |       ||     2
       Scroll            |       |       |     7 |     4 ||    11
  Eat: Chunk             |       |     5 |    13 |     4 ||    22
       Ration            |       |       |       |     1 ||     1
Armor: Scale mail        |    59 |    68 |   370 |       ||   497
       Chain mail        |       |    63 |    40 |       ||   103
       Plate armour      |       |       |    38 |   372 ||   410
Dodge: Dodged            |    40 |    74 |   276 |   154 ||   544
Block: Shield            |    76 |   120 |   335 |   239 ||   770
